Cogmind - Beta 14 @@@ ROGUE MODE // 2024.10.05 @ 14:47:36 Player: Corvi Result: Destroyed by Y-45 Defender with Beam Rifle Performance ------------- Evolutions (0) 0 Regions Visited (3) 600 Robots Destroyed (39) 195 Value Destroyed (888) 888 Prototype IDs (0) 0 Alien Tech Used (0) 0 Bonus (0) 0 TOTAL SCORE: 1683 Bonus ------- None Cogmind --------- Core Integrity 0/250 Matter 300/300 Energy 250/250 System Corruption 0% Temperature Cool (9) Movement Treading (160) Location -8/Recycling Parts ------- > --- POWER (1) -------- Ion Engine > --- PROPULSION (2) --- Improved Treads Improved Treads > --- UTILITY (2) ------ System Shield High-powered Tractor Beam > --- WEAPON (2) ------- Subdweller Shrapnel Launcher Makeshift Sword > --- INVENTORY (5) ---- Subdweller Power Source Subdweller Power Source Subdweller Optics Hacking Suite Hacking Suite Peak State ------------ > --- POWER ------------ Ion Engine > --- PROPULSION ------- Improved Treads Improved Treads > --- UTILITY ---------- System Shield High-powered Tractor Beam > --- WEAPON ----------- Subdweller Shrapnel Launcher Makeshift Sword > --- INVENTORY -------- Subdweller Power Source Subdweller Power Source Subdweller Optics Hacking Suite Hacking Suite [Rating: 18] Favorites ----------- Power Ion Engine Engine Ion Engine Propulsion Light Treads Treads Light Treads Utility Small Storage Unit Device Sensor Array Storage Small Storage Unit Hackware System Shield Protection Scrap Shield Weapon Light Assault Rifle Ballistic Gun Light Assault Rifle Ballistic Cannon Light Cannon Launcher Subdweller Shrapnel Launcher Special Weapon Welding Torch Impact Weapon Hammer Slashing Weapon Makeshift Sword Build | -11 -10 -10 -8 ------- Run | Yrd Mat Sub Rec Slots Evolved . | . . . . Power . | . . . . Propulsion . | . . . . Utility . | . . . . Weapon . | . . . . Parts Attached 41 | 6 15 16 4 Power 7 | 1 3 3 . Engine 7 | 1 3 3 . Core . | . . . . Reactor . | . . . . Propulsion 8 | 2 2 2 2 Treads 8 | 2 2 2 2 Leg . | . . . . Wheel . | . . . . Hover . | . . . . Flight . | . . . . Utility 9 | 1 3 3 2 Device 6 | . 3 2 1 Storage 1 | 1 . . . Processor . | . . . . Hackware 1 | . . . 1 Protection 1 | . . 1 . Artifact . | . . . . Weapon 17 | 2 7 8 . Energy Gun . | . . . . Energy Cannon . | . . . . Ballistic Gun 8 | 2 4 2 . Ballistic Cannon 3 | . 1 2 . Launcher 1 | . . 1 . Special Weapon 1 | . 1 . . Impact Weapon 3 | . 1 2 . Slashing Weapon 1 | . . 1 . Piercing Weapon . | . . . . Special Melee Weapon . | . . . . Unidentified Prototypes . | . . . . Parts Lost 6 | . 2 4 . Power . | . . . . Propulsion 2 | . . 2 . Utility 2 | . 1 1 . Weapon 2 | . 1 1 . Highest Loss Streak 2 | . 1 2 . To Critical Strikes . | . . . . Average Slot Usage (%) 96 | . 96 96 95 Engine 14 | . 14 14 14 Treads 27 | . 27 27 28 Device 10 | . 11 10 9 Storage 11 | . 14 11 . Protection 1 | . . 2 3 Ballistic Gun 16 | . 21 12 . Ballistic Cannon 4 | . 4 6 . Launcher 1 | . . 1 14 Impact Weapon 2 | . 1 5 . Slashing Weapon 1 | . . 1 14 Peak Build Rating 18 | 6 9 14 18 Average Rating 9 | 4 7 9 17 On Entrance 7 | . 6 8 14 Naked Turns . | . . . . Heaviest Build 33 | 11 15 33 33 Greatest Support 46 | 40 40 40 46 Greatest Overweight (x) . | . . . . Average Overweight (x) . | . . . . Largest Inventory Capacity 8 | 8 8 8 5 Average Capacity 7 | 6 8 7 5 Most Carried 8 | 4 8 8 5 Average Carried 6 | 1 6 7 5 Final Capacity 8 | 8 8 5 5 Final Carried 8 | 4 8 5 5 Class Distribution -------------------- 91% | Mutant 8% | Scavenger-Mutant Dominant Class ---------------- Mutant | -10/Materials Mutant | -10/Subcaves Mutant | -8/Recycling Resources | -11 -10 -10 -8 ----------- Run | Yrd Mat Sub Rec Matter Collected 1096 | 212 480 234 170 Remotely 112 | . . . 112 Salvage Created 916 | . 719 197 . Parts 73 | . 61 12 . Haulers Intercepted 2 | . 2 . . Recyclers Shooed 1 | . 1 . . Parts Field Recycled . | . . . . Retrieved Matter . | . . . . Parts Self-Destructed 7 | . . 7 . Prevented . | . . . . Kills | -11 -10 -10 -8 ------- Run | Yrd Mat Sub Rec Combat Hostiles Destroyed 26 | . 17 9 . Melee 1 | . . 1 . Guns 16 | . 14 2 . Cannons 5 | . 3 2 . AOE 3 | . . 3 . Classes Destroyed 9 | . 7 2 . Worker 1 | . 1 . . Builder 2 | . 2 . . Hauler 2 | . 2 . . Operator 3 | . 3 . . Turret 2 | . . 2 . Watcher 3 | . 3 . . Swarmer 9 | . 6 3 . Grunt 11 | . 11 . . Subdweller 6 | . . 6 . Best Kill Streak 6 | . 6 5 . Combat Bots Only 3 | . 3 3 . Max Kills in Single Turn 2 | . 1 2 . Gunslinging . | . . . . Exploded 1 | . . 1 . Melee 1 | . . 1 . Uniques/NPCs Destroyed . | . . . . Combat | -11 -10 -10 -8 -------- Run | Yrd Mat Sub Rec Hostile Shots Fired 150 | . 67 72 11 Missed 42 | . 17 21 4 Damage Taken 1700 | . 528 1063 109 Core 259 | . 75 169 15 Absorbed by Shields . | . . . . Regen/Repaired (Parts) 151 | . 151 . . Core Remaining (%) 100 | 100 . . . Volleys Fired 114 | . 92 22 . Largest 2 | . 2 2 . Hottest 55 | . 55 55 . Shots Fired 208 | . 169 39 . Gun 167 | . 150 17 . Cannon 30 | . 13 17 . Launcher 5 | . . 5 . Special 6 | . 6 . . Kinetic 202 | . 163 39 . Thermal 6 | . 6 . . Explosive . | . . . . Electromagnetic . | . . . . Robot Hit Streak 11 | . 10 11 . Robot Miss Streak 4 | . 4 1 . Penetration Max . | . . . . Secondary Targets 2 | . 2 . . Max Gunslinging Chain 1 | . 1 . . Shots Hit Robots 150 | . 102 46 2 Core Hits 62 | . 44 18 . Critical Kills . | . . . . Critical Parts Destroyed 5 | . 2 3 . Critical Strikes 7 | . 3 3 1 Destroy 1 | . 1 . . Blast 1 | . 1 . . Smash 4 | . 1 3 . Sever 1 | . . . 1 Melee Attacks 35 | . 3 28 4 Impact 31 | . 3 28 . Slashing 4 | . . . 4 Piercing . | . . . . Sneak Attacks 1 | . 1 . . Combat Hostiles . | . . . . Follow-up Attacks . | . . . . Damage Inflicted 2580 | . 1166 1340 74 Guns 1084 | . 954 130 . Cannons 404 | . 149 255 . Explosions 527 | . . 527 . Melee 565 | . 63 428 74 Ramming . | . . . . Kinetic 2015 | . 1103 912 . Thermal . | . . . . Explosive . | . . . . Electromagnetic . | . . . . Impact 491 | . 63 428 . Slashing 74 | . . . 74 Piercing . | . . . . Highest Corruption . | . . . . Average Corruption . | . . . . Corruption Purged . | . . . . Corruption Blocked . | . . . . Overload Shots . | . . . . Overflow Damage 198 | . 63 135 . Projectiles . | . . . . Explosions 43 | . . 43 . Melee 155 | . 63 92 . Knockbacks 11 | . 2 9 . Impact 4 | . 1 3 . Kinetic 5 | . 1 4 . Secondary 2 | . . 2 . Self-Inflicted Damage 47 | . . 47 . Shots 1 | . . 1 . Rammed . | . . . . Targets Rammed . | . . . . Kicked . | . . . . Crushed . | . . . . Highest Temperature 30 | . 30 . 9 Average Temperature 11 | . 11 . 9 Received Heat Transfer 462 | . 225 183 54 Siege Activations . | . . . . Robots Corrupted 2 | . 1 1 . Combat Hostiles 1 | . . 1 . Parts Fried 2 | . 1 1 . Impact Corruptions 7 | . 3 4 . Robots Melted . | . . . . Combat Hostiles . | . . . . Parts Melted . | . . . . Heat Transferred . | . . . . Parts Sabotaged . | . . . . Parts Stolen . | . . . . Parts Stripped . | . . . . Power Chain Reactions . | . . . . Alert | -11 -10 -10 -8 ------- Run | Yrd Mat Sub Rec Peak Influence 315 | . 315 . 128 Initial 98 | . . . 98 Average 106 | . 111 . 106 Maximum Alert Level 1 | . 1 . . Low Security (%) 87 | 100 85 . 100 Level 1 12 | . 14 . . Level 2 . | . . . . Level 3 . | . . . . Level 4 . | . . . . Level 5 . | . . . . High Security . | . . . . Max Security . | . . . . Squads Dispatched 5 | . 5 . . Investigation 3 | . 3 . . Extermination . | . . . . Reinforcement 2 | . 2 . . Assault . | . . . . Garrison . | . . . . Intercept . | . . . . Searches Triggered . | . . . . Construction Impeded . | . . . . Haulers Reinforced . | . . . . Active Scanning Responses . | . . . . Cargo Convoy Interrupts . | . . . . Stealth | -11 -10 -10 -8 --------- Run | Yrd Mat Sub Rec Distress Signals 3 | . 3 . . Communications Jammed . | . . . . Distress Signals . | . . . . Times Spotted 57 | . 38 18 1 Peak Tracking Total 6 | . 4 6 1 Tactical Retreats 6 | . 1 5 . Traps | -11 -10 -10 -8 ------- Run | Yrd Mat Sub Rec Traps Triggered 3 | . 3 . . Indirectly . | . . . . Trap Hack Attempts . | . . . . Triggered . | . . . . Disarmed . | . . . . Reprogrammed . | . . . . Reused . | . . . . Traps Extracted . | . . . . Installed . | . . . . Triggered . | . . . . Machines | -11 -10 -10 -8 ---------- Run | Yrd Mat Sub Rec Machines Disabled 4 | . . 4 . Max in Single Turn 4 | . . 4 . Machines Repaired . | . . . . Machines Dismantled . | . . . . Machines Sabotaged . | . . . . Overloaded Fab Kills . | . . . . Hacking | -11 -10 -10 -8 --------- Run | Yrd Mat Sub Rec Machines Accessed 7 | . 4 1 2 Terminals 4 | . 3 . 1 Fabricators . | . . . . Repair Stations 1 | . 1 . . Recycling Units 1 | . . . 1 Scanalyzers . | . . . . Garrison Access . | . . . . Total Hacks 16 | . 10 3 3 Successful 11 | . 6 3 2 Failed 5 | . 4 . 1 Catastrophic . | . . . . Database Lockouts . | . . . . Manual 7 | . 5 . 2 Terminals 6 | . 5 . 1 Fabricators . | . . . . Repair Stations 5 | . 5 . . Recycling Units 2 | . . . 2 Scanalyzers . | . . . . Garrison Access . | . . . . Terminal Hacks 3 | . . 3 . Record 3 | . . 3 . Fabricator Hacks . | . . . . Repair Station Hacks 4 | . 4 . . Scan Component 2 | . 2 . . Repair 2 | . 2 . . Recycling Unit Hacks 1 | . . . 1 Report Inventory 1 | . . . 1 Scanalyzer . | . . . . Garrison Access Hacks . | . . . . Unauthorized Hacks 3 | . 2 . 1 Terminals 2 | . 2 . . Botnet 1 | . 1 . . Operators 1 | . 1 . . Fabricators . | . . . . Repair Stations . | . . . . Recycling Units 1 | . . . 1 Tunnel 1 | . . . 1 Scanalyzers . | . . . . Garrison Access . | . . . . Data Cores Recovered 1 | . 1 . . Used . | . . . . Hacking Detections 4 | . 3 . 1 Full Trace Events 1 | . 1 . . Feedback Events . | . . . . Feedback Blocked . | . . . . Robot Schematics Acquired . | . . . . Robots Built . | . . . . Authchips . | . . . . Time . | . . . . Total Robot Build Rating . | . . . . Part Schematics Acquired . | . . . . Parts Built . | . . . . Authchips . | . . . . Time . | . . . . Total Part Build Rating . | . . . . Parts Repaired 2 | . 2 . . Time 52 | . 52 . . Parts Recycled . | . . . . Recycled Matter . | . . . . Retrieved Matter . | . . . . Retrieved Components . | . . . . Parts Scanalyzed . | . . . . Part Schematics Acquired . | . . . . Parts Damaged . | . . . . Bothacking | -11 -10 -10 -8 ------------ Run | Yrd Mat Sub Rec Used RIF Installer . | . . . . Robots Hacked . | . . . . Non-combat . | . . . . Combat . | . . . . Robot Hacks Applied . | . . . . Relay Couplers Released . | . . . . Fabnet Peak Effective % . | . . . . Robots Rewired . | . . . . Allies Hacked . | . . . . Hacks Repelled . | . . . . Allies | -11 -10 -10 -8 -------- Run | Yrd Mat Sub Rec Total Allies . | . . . . Largest Group . | . . . . Highest-Rated Group . | . . . . Highest-Rated Ally . | . . . . Total Orders . | . . . . Ally Attacks . | . . . . Total Damage . | . . . . Kills . | . . . . Allies Corrupted . | . . . . Allies Melted . | . . . . Intel | -11 -10 -10 -8 ------- Run | Yrd Mat Sub Rec Robot Analysis Total . | . . . . Derelict Logs Recovered 1 | . . 1 . Drone Launches . | . . . . Drone Recoveries . | . . . . Exploration | -11 -10 -10 -8 ------------- Run | Yrd Mat Sub Rec Turns Passed 3365 | 93 1937 1022 313 Spaces Moved 1634 | 53 903 498 180 Core 3 | 3 . . . Treads 1631 | 50 903 498 180 Legs . | . . . . Wheels . | . . . . Hover . | . . . . Flight . | . . . . Fastest Speed 50 | 50 160 160 160 Average Speed 159 | 153 160 160 160 Slowest Speed 160 | 160 160 160 160 Overloaded Moves . | . . . . Propulsion Burnouts . | . . . . Robots Hopped . | . . . . Cave-ins Triggered . | . . . . Exploration Rate (%) 39 | 6 88 35 30 Regions Visited 3 Branch Regions 2 Pre-discovered Areas 2 | . . 1 1 Known Exits Taken 1 | . . 1 . Unknown Exits Taken 2 | 1 1 . . Scrap Searched 2 | . . 2 . Spaces Dug 4 | . 2 2 . Terrain Destroyed 57 | . 2 55 . Melee 4 | . 2 2 . Projectile . | . . . . AOE 53 | . . 53 . Terrain Rammed . | . . . . Walls Destroyed . | . . . . Machines Disabled . | . . . . Actions | -11 -10 -10 -8 --------- Run | Yrd Mat Sub Rec Total 2137 | 62 1240 634 201 Wait 277 | . 205 62 10 Move 1631 | 52 902 497 180 Hop . | . . . . Pick Up 14 | 4 10 . . Fast Attach 26 | 6 11 5 4 Attach 4 | . . 4 . Detach 2 | . 1 1 . Swap 11 | . 4 7 . Drop 22 | . 12 7 3 Fire 114 | . 92 22 . Melee 35 | . 3 28 4 Ram . | . . . . Kick . | . . . . Crush . | . . . . Escape Stasis . | . . . . Rewire . | . . . . Trap . | . . . . Miscellaneous 1 | . . 1 . Route ------- -11/Scrapyard -10/Materials (discovered 5 exits: [*Mat x3] / [*Min] / *Sub) -10/Subcaves (discovered 3 exits: [*Mat x2] / *Rec) -8/Recycling History --------- Turn | Location | Event 42 | -11/Scrapyard | Discovered new exit (range 15) 94 | -11/Scrapyard | Entered Materials 342 | -10/Materials | Build established: Mutant 555 | -10/Materials | Discovered new exit (range 15) 783 | -10/Materials | Discovered new exit (range 16) 834 | -10/Materials | Repaired Lgt. Treads 862 | -10/Materials | Repaired Lgt. Treads 1043 | -10/Materials | Discovered new exit (range 4) 1241 | -10/Materials | Discovered new exit (range 12) 1440 | -10/Materials | Discovered new exit (range 10) 2031 | -10/Materials | Entered Subcaves 2239 | -10/Subcaves | Core integrity fell below 50% 2263 | -10/Subcaves | Discovered new exit (range 10) 2415 | -10/Subcaves | Visited Clippyterm 2419 | -10/Subcaves | Identified exit to Recycling 2484 | -10/Subcaves | Learned location of Zion (-6) 2484 | -10/Subcaves | Met a Zionite searching for "candidates" 2486 | -10/Subcaves | Learned Materials interactive machine intel 2634 | -10/Subcaves | Core integrity fell below 20% 2938 | -10/Subcaves | Discovered new exit (range 9) 2996 | -10/Subcaves | Ambushed by Subdweller buried in earth 3053 | -10/Subcaves | Entered Recycling 3054 | -8/Recycling | Met a Zionite searching for Scraptown 3366 | -8/Recycling | Destroyed by Y-45 Defender with Beam Rifle Last Messages --------------- Acquired 58 matter. Dropped Scrap Shield. Acquired System Shield. R-06 Scavenger collects Scrap Shield. Acquired Hpw. Tractor Beam. R-06 Scavenger inserts Scrap Shield into recycling unit. Connecting with Terminal... Acquired 91 matter. Acquired 21 matter. Connecting with Recycling Unit... >>Recycling(Report) Matter reserves: 0 Inventory: Recoil Stabilizer (28%) EM Pulse Cannon (37%) >>Force(Tunnel) DISCOVERED[-3/Armory] Y-45 Defender springs to life. Critical hit (Burn: +37). Y-45 Defender Lgt. Treads severed. Map ----- +----------------------------------------------------+ | | | | | ?????????????????????????????????????????????????? | | ?????????????????????????????????????????????????? | | ?????????????????????????????????????????????????? | | ?????????????????????????????????????????????????? | | ?????????????????????????????????????????????????? | | ?????????????????????????????????????????????????? | | ?????????????????????????????????????????????????? | | ?????????????????????????????????????????????????? | | ?????????????????????????????????????????????????? | | ?????????????????????????????????????????????????? | | ?????????????????????????????????????????????????? | | ?????????????????????????????????????????????????? | | ?????????????????????????????????????????????????? | | ????????????????????????????###############??????? | | ????????????????????????????# * ! ! #??????? | | ????????????????????????????# ! =! #??????? | | ???########################## / #####??? | | ???# ## +!! ! #"""#??? | | ???# "" ## #?########+#############"Y"#### | | ???# T" ## ####?????# | | ???# "" # ####### | | ???# # | | ???# + | | ???# # @ | | ???# # ####Y######### = ########### | | ???# """"" ## ##?# = ##===#?????????? | | ???# """"" ## #??# #######?????????? | | ???# """"" ## #??# #???????????????? | | ???# ## #??# r #???????????????? | | ???######+######## #??# #???????????????? | | ????????# ##%%%#?# #??# #???????????????? | | ???????## ## %### #### #???????????????? | | ???????# / #???????????????? | | ???????# # #???????????????? | | ???????# ##########???????????????? | | ???????### ####### #????????????????????????? | | ???????###+####### #???###??????????????????? | | ???????# # ###"T"#######????????????? | | ???????# # ?????????? | | ##+##### # #????????????? | | + / """ """ """ #????????????? | | # """ "" # """ """ """????????????????? | | ??# """ Y" # """ """ """????????????????? | | ????+ """ "" # ????????????????? | | #??????# # ????????????????? | | ???????########### """ """ "?? ???????????????? | | ?????????????????# """ """ "??????????????????? | | ?????????????????# """ """ "??????????????????? | +----------------------------------------------------+ Best States ------------- Heat Dissipation 39 Energy Generation 15 Energy Capacity 250 Matter Stores 300 Matter Capacity 300 Sight Range 21 Robot Scan Range 14 Terrain Scan Range 14 Terrain Scan Density 10 Armor Coverage 800 Evasion (%) 40 Recoil Reduction 2 Defensive Hacking 10 Item Schematics ----------------- None Robot Schematics ------------------ None Fabricated ------------ Nothing Alien Tech Used ----------------- None Achievements -------------- None Challenges ------------ None Game ------ Seed AlloyDeliveryTorch Manual? 0 Play Time 00:24:43 Cumulative 46.7 hours Start 2024.10.05 @ 14:22:41 End 2024.10.05 @ 14:47:36 Sessions 1 Manual Loads 0 Difficulty Rogue Special Mode None Game No. 59 Rogue 59 Adventurer 0 Explorer 0 Win Type - Total 0 Types 0/0/0/0/0/0/0/0/0 Lore% 29 Gallery% 40 Achievement% 35 Wizard Run 0 Options --------- Layout 0 ASCII 0 Keyboard 0 Movement Mouse Keybinds 0 Fullscreen 1 Font 18/SmallcapsGlow Map View 76x50 Zoom Use 0% Tactical HUD 0 Map Filters NONE Filters NONE Steam 0 RUN: 7b2b9d11-c589-43df-99f4-2ed898d298bd